 Dungeon Crawl Stone Soup version 0.32-a0-841-g4648e6c457 (webtiles) character file.

Game seed: 11387199322126729069

41 Maxmaps the Shooter (level 3, -1/24 HPs)
             Began as an Octopode Hunter on Mar 26, 2024.
             Slain by a goblin
             ... wielding a +0 club
              (5 damage)
             ... on level 2 of the Dungeon.
             The game lasted 00:00:33 (921 turns).

Maxmaps the Shooter (Octopode Hunter)                Turns: 921, Time: 00:00:34

Health: -1/24      AC:  1    Str: 10    XL:     3   Next: 52%
Magic:  3/3        EV: 12    Int: 13    God:
Gold:   59         SH:  0    Dex: 15    Spells: 2/2 levels left

rFire   . . .        a - +0 shortbow
rCold   . . .        (shield currently unavailable)
rNeg    . . .        (helmet restricted)
rPois   .            (no amulet)
rElec   .            (no ring)
rCorr   .            (no ring)
SInv    .            (no ring)
Will    .....        (no ring)
Stlth   +++          (no ring)
HPRegen 0.24/turn    (no ring)
MPRegen 0.08/turn    (no ring)
                     (no ring)

%: no passive effects
@: no status effects
A: almost no armour, amphibious, 8 rings, camouflage 1, gelatinous body 1,
(nimble swimmer 1), tentacles
a: no special abilities


You were on level 2 of the Dungeon.
You visited 1 branch of the dungeon, and saw 2 of its levels.

You collected 59 gold pieces.

Inventory:

Hand Weapons
 a - a +0 shortbow (weapon)
Scrolls
 b - a scroll of butterflies
 f - a scroll of revelation {unknown}
Potions
 c - a potion of experience {unknown}
 d - a potion of might {unknown}
 e - a potion of heal wounds {unknown}


   Skills:
 - Level 2.0 Fighting
 + Level 5.2 Ranged Weapons
 - Level 2.0 Dodging
 - Level 1.3 Stealth


You had 2 spell levels left.
You didn't know any spells.
Your spell library was empty.

Dungeon Overview and Level Annotations

Branches:
Dungeon (2/15)

Altars:


Innate Abilities, Weirdness & Mutations

You cannot wear most types of armour.
You are amphibious.
You can wear up to eight rings at the same time.
Your skin changes colour to match your surroundings (Stealth+).
Your rubbery body absorbs attacks. (AC +1, EV +1)
((You are camouflaged when in or above water. (Stealth+)))
You have tentacles for arms and can constrict up to eight enemies at once.


Message History

You shoot an arrow. The arrow barely misses the adder.
The adder barely misses you. The goblin hits you with a +0 dagger.
The adder barely misses you. The goblin closely misses you.
You shoot an arrow.
The arrow hits the adder but does no damage.
The adder is heavily wounded.
The adder misses you. The goblin barely misses you.
The goblin hits you with a +0 club. The goblin closely misses you.
The adder bites you.
You shoot an arrow. The arrow hits the adder.
The adder is severely wounded.
The goblin barely misses you. The adder bites you.
The goblin hits you with a +0 dagger.
You shoot an arrow. The arrow hits the adder.
The adder is severely wounded.
The adder misses you. The goblin hits you with a +0 club.
The goblin barely misses you. The adder bites you.
Unknown command.
You are too injured to fight recklessly!
You are too injured to fight recklessly!
You are too injured to fight recklessly!
Unknown command.
You are too injured to fight recklessly!
You shoot an arrow.
The arrow hits the adder but does no damage.
The adder is severely wounded.
The goblin hits you with a +0 club. The adder bites you.
* * * LOW HITPOINT WARNING * * *
The goblin closely misses you. The goblin hits you with a +0 club.
* * * LOW HITPOINT WARNING * * *
You shoot an arrow. The arrow hits the adder.
You kill the adder!
The goblin hits you with a +0 dagger.
* * * LOW HITPOINT WARNING * * *
The goblin completely misses you.
Unknown command.
You shoot an arrow. The arrow hits the goblin.
You kill the goblin!
The goblin hits you with a +0 club.
You die...

# #.
###..##########
#.PP..g........
♣.)@.......
~~.~†~.........
~~~~~~.########
~~~~~.[ ~.~~.~.
.~≈≈~~. ~?~≈~~.
~~~~~~#


You could see a goblin.

Vanquished Creatures
  An adder (D:2)
  A dart slug (D:1)
  6 bats
  3 endoplasms
  2 giant cockroaches (D:1)
  3 goblins
  2 hobgoblins (D:1)
  4 jackals (D:1)
  A ball python (D:1)
  A frilled lizard (D:1)
  2 kobolds (D:1)
  2 rats (D:1)
28 creatures vanquished.

Notes
Turn   | Place    | Note
-------+----------+-------------------------------------------
     0 | D:1      | Maxmaps the Octopode Hunter began the quest for the Orb.
     0 | D:1      | Reached XP level 1. HP: 14/14 MP: 1/1
    77 | D:1      | Reached XP level 2. HP: 19/19 MP: 2/2
   296 | D:1      | Reached XP level 3. HP: 24/24 MP: 3/3
   431 | D:1      | Reached skill level 5 in Ranged Weapons
   921 | D:2      | Slain by a goblin

Illustrated notes

Levels and vault maps discovered:
D:1:      elethiomel_arrival_quiet, layout_basic, serial_co_window_serial,
          co_window_paths_b, co_window_of_opportunity_a, co_window_corner_a,
          co_window_paths_b, co_window_of_opportunity_a, co_window_corner_b,
          co_window_broadway_b, co_window_2corner, co_window_broadway_a,
          co_window_2corner, co_window_broadway_a, co_window_paths_e,
          co_window_paths_d, glass_columns_c, glass_columns_c, glass_columns_a,
          glass_columns_c
D:2:      layout_basic, serial_bayou, serial_bayou_pond_e,
          serial_bayou_crossing, serial_bayou_pond_e, serial_bayou_pond_b,
          hangedman_decor_clover_reticule

Skill      XL: |  1  2  3 |
---------------+----------+-----
Ranged Weapons | 5 |  5.2
Fighting       | |  2.0
Dodging        | |  2.0
Stealth        | |  1.3

Action                     || total
---------------------------++-------
   Fire: Shortbow          ||    61
 Armour: Skin              ||    24
  Dodge: Dodged            ||    27

Table legend: (Time is in decaauts)
 A = Elapsed time spent in this place.
 B = Non-inter-level travel time spent in this place.
 C = Inter-level travel time spent in this place.
 D = Time resting spent in this place.
 E = Time spent auto-exploring this place.
 F = Levels seen in this place.
 G = Mean time per level.
                   A        B        C        D        E       F      G
               +--------+--------+--------+--------+--------+-----+--------+
         Total |    931 |    895 |     36 |      0 |    783 |   2 |  465.5 |
       Dungeon |    931 |    895 |     36 |      0 |    783 |   2 |  465.5 |
               +--------+--------+--------+--------+--------+-----+--------+

Top non-repeatable levels by time:
     D:1: 918 daAuts
     D:2: 12 daAuts
